 Dungeon Crawl Stone Soup version 0.15.2 (webtiles) character file.

12404 bullock the Conjurer (level 11, -5/64 HPs)
             Began as a Gargoyle Wizard on Nov 14, 2014.
             Was a High Priest of Vehumet.
             Killed from afar by a gargoyle (20 damage)
             ... with a stone arrow
             ... on Level 12 of the Dungeon.
             The game lasted 01:03:45 (17531 turns).

bullock the Conjurer (Gargoyle Wizard)             Turns: 17531, Time: 01:03:45

HP  -5/64        AC 14     Str 12      XL: 11   Next: 92%
MP   0/28        EV 11     Int 21      God: Vehumet [*****.]
Gold 568         SH  0     Dex  8      Spells:  6 memorised, 12 levels left

rFire  . . .     SeeInvis .     J - +3 flail (crush)
rCold  . . .     Clarity  .     f - +1 robe {rN+}
rNeg   + + .     rCorr    .     (no shield)
rPois  +         rRot     +     (no helmet)
rElec  +         Spirit   +     E - +0 cloak
SustAb .         Warding  .     x - +0 pair of gloves
rMut   .         Stasis   .     (no boots)
Gourm  .                        o - amulet of guardian spirit
MR     .....                    i - +2 ring of protection
                                F - ring of wizardry

@: repel missiles, not resistant to hostile enchantments, unstealthy
A: negative energy resistance 1, electricity resistance, unbreathing,
petrification resistance, rot immunity, AC +7
a: Renounce Religion


You were on level 12 of the Dungeon.
You worshipped Vehumet.
Vehumet was extremely pleased with you.
You were hungry.

You visited 2 branches of the dungeon, and saw 13 of its levels.

You collected 568 gold pieces.

Inventory:

Hand weapons
 J - a +3 flail of crushing (weapon)
Armour
 f - a +1 robe of positive energy (worn)
 x - a +0 pair of gloves (worn)
 E - a +0 cloak (worn)
Magical devices
 e - a wand of cold (0)
 r - a wand of paralysis (17)
 y - a wand of cold (0)
 D - a wand of digging (2)
 H - a wand of fire (0)
Comestibles
 d - 10 bread rations
 j - 2 royal jellies
 s - 4 chunks of orc flesh
 z - 2 beef jerkies
 B - a slice of pizza
Scrolls
 a - 4 scrolls of identify
 l - 2 scrolls of immolation {unknown}
 p - 3 scrolls of magic mapping
 q - a scroll of enchant weapon {unknown}
 A - 2 scrolls of noise {unknown}
 I - a scroll of recharging {unknown}
Jewellery
 i - a +2 ring of protection (right hand)
 o - an amulet of guardian spirit (around neck)
 F - a ring of wizardry (left hand)
Potions
 b - 4 potions of curing
 g - 2 potions of confusion {unknown}
 h - 2 potions of heal wounds {unknown}
 k - 3 potions of agility {unknown}
 m - a potion of magic
 n - 4 potions of brilliance {unknown}
 t - a potion of beneficial mutation {unknown}
 u - 2 potions of might
 C - 3 potions of haste {unknown}
 G - 3 potions of resistance {unknown}
Books
 c - a book of Minor Magic

   Spells                             Type                      Level
   *Magic Dart                        Conjuration                  1
   *Blink                             Translocation                2
   Call Imp                           Summoning                    2
   *Repel Missiles                    Charms/Air                   2
   Slow                               Hexes                        2
   *Conjure Flame                     Conjuration/Fire             3
   *Mephitic Cloud                    Conjuration/Poison/Air       3
Miscellaneous
 v - a stone of tremors (inert)


   Skills:
 + Level 5.4 Fighting
 - Level 1.5 Dodging
 - Level 2.1 Stealth
 + Level 9.0 Spellcasting
 + Level 13.2 Conjurations
 * Level 4.4 Charms
   Level 0.8 Summonings
 - Level 7.1 Translocations


You had 12 spell levels left.
You knew the following spells:

 Your Spells              Type           Power        Failure   Level  Hunger
a - Magic Dart            Conj           ####         1%          1    None
f - Conjure Flame         Conj/Fire      #####...     1%          3    None
q - Blink                 Tloc           N/A          1%          2    None
r - Mephitic Cloud        Conj/Pois/Air  ####....     1%          3    None
v - Repel Missiles        Chrm/Air       ###...       2%          2    None
w - Iskenderun's Battles  Conj/Chrm      #####...     1%          5    ####...


Dungeon Overview and Level Annotations

Branches:
Dungeon (12/15)            Temple (1/1) D:4            Lair (0/8) D:8
    Orc: D:9-12

Altars:
Ashenzari
Cheibriados
Dithmenos
Elyvilon
Fedhas
Kikubaaqudgha
Makhleb
Nemelex Xobeh
Okawaru
Qazlal
Sif Muna
Trog
Vehumet
Xom
Yredelemnul
Zin
The Shining One

Shops:
D:8 }   D:9 =

Annotations:
D:12 Nessos


Innate Abilities, Weirdness & Mutations

You are resistant to torment.
You are immune to poison.
Your stone body is very resilient (AC +7).
You resist negative energy.
You are resistant to electric shocks.
You can survive without breathing.
You are immune to petrification.
You are immune to rotting.


Message History

Nothing appears to happen.
The gargoyle hurls a stone arrow at you.
The stone arrow misses you.
Evoke which item? (* to show all) (? for menu, Esc to quit)
Zapping:
e - a wand of cold {zapped: 7}
Press: ? - help, Shift-Dir - straight line, f/p - gargoyle
Aim: a gargoyle, wielding a mace (magical condensation, heavily damaged) Nothing appears to happen.
The gargoyle hurls a stone arrow at you.
The stone arrow misses you.
Casting: Iskenderun's Battlesphere
Confirm with . or Enter, or press ? or * to list all spells.
You blink.
The gargoyle hurls a stone arrow at you.
The stone arrow misses you.
Found two stone staircases leading down.
There is a stone staircase leading down here.
The gargoyle hurls a stone arrow at you.
The stone arrow hits you!
You die...

##.....................
#......................
#..........##..........
#......9...§...........
#.........####.........
#......########.)......
#.............))[)c....
#......######.#..####..
#.....@# ####.#..# #..
##.###.###....#..# ##.
#. #.##..####.)# ## #
#.##.## #..# ####
##.##)#####..###...
#..)....*((...##.##
#..#.####..........
#..#. #.......#.##
....#. ..*..§§......


You could see a gargoyle.

Vanquished Creatures
  3 hill giants
  2 ugly things
  Joseph (D:7)
  3 trolls (D:11)
  3 two-headed ogres
  A raiju (shapeshifter) (D:12)
  A deep elf mage (D:10)
  A wraith (D:11)
  A wyvern (D:11)
  A hill giant zombie (D:11)
  12 yaks
  2 hippogriffs
  A hungry ghost (D:11)
  8 orc warriors
  A water moccasin (D:6)
  A sky beast (D:7)
  5 porcupines (D:8)
  A black bear (D:7)
  5 phantoms
  4 ogres
  5 crocodiles
  3 ice beasts
  3 centaurs
  Blork the orc (D:7)
  2 big kobolds
  5 giant frogs
  A gnoll sergeant (D:6)
  5 scorpions
  4 killer bees (D:9)
  3 crimson imps
  5 goliath beetles
  5 jellies
  7 hounds
  5 iguanas
  A black bear skeleton (D:4)
  7 orc wizards
  3 orc priests
  7 worker ants
  A big kobold zombie (D:8)
  Ijyb (D:2)
  A crocodile skeleton (D:9)
  4 green rats (D:8)
  10 gnolls
  12 adders
  3 worms
  An adder skeleton (D:6)
  6 giant geckos
  3 oozes
  46 orcs
  3 ball pythons
  16 bats
  A bat zombie (D:5)
  6 giant cockroaches
  13 goblins
  19 hobgoblins
  22 jackals
  5 quokkas
  6 giant newts
  2 giant spores (D:6)
  A goblin skeleton (D:4)
  A hobgoblin zombie (D:8)
  A jackal skeleton (D:4)
  25 kobolds
  A kobold skeleton (D:5)
  A kobold zombie (D:6)
  5 orc skeletons
  2 orc zombies (D:8)
  A quokka skeleton (D:9)
  18 rats
  2 rat skeletons
  5 ballistomycetes (D:6)
373 creatures vanquished.

Vanquished Creatures (collateral kills)
  A hill giant (D:11)
1 creature vanquished.

Vanquished Creatures (others)
  A killer bee (D:9)
  A hound (D:4)
  A giant gecko (D:4)
  An orc (D:12)
  A kobold (D:4)
  A bush (D:8)
  A fungus (D:8)
  A plant (D:8)
8 creatures vanquished.

Grand Total: 382 creatures vanquished

Notes
Turn   | Place    | Note
--------------------------------------------------------------
     0 | D:1      | bullock, the Gargoyle Wizard, began the quest for the Orb.
     0 | D:1      | Reached XP level 1. HP: 10/10 MP: 4/4
   303 | D:1      | Reached XP level 2. HP: 15/15 MP: 1/6
   307 | D:1      | Learned a level 2 spell: Blink
   310 | D:1      | Learned a level 2 spell: Repel Missiles
  1228 | D:1      | Reached XP level 3. HP: 17/19 MP: 2/8
  1238 | D:1      | Learned a level 3 spell: Conjure Flame
  1634 | D:2      | Found a shimmering altar of Xom.
  1812 | D:2      | Reached XP level 4. HP: 24/24 MP: 1/10
  1937 | D:2      | Noticed Ijyb
  1959 | D:2      | Killed Ijyb
  2097 | D:2      | Found a basalt altar of Yredelemnul.
  2388 | D:2      | Reached skill level 4 in Conjurations
  2723 | D:3      | Reached XP level 5. HP: 28/28 MP: 6/12
  2829 | D:3      | Learned a level 3 spell: Mephitic Cloud
  3276 | D:3      | Found a blossoming altar of Fedhas.
  3879 | D:4      | Reached skill level 5 in Conjurations
  4066 | D:4      | Got a fine helmet
  4072 | D:4      | Identified the cursed -4 helmet "Piohaodgh" {Stlth+} (You found it on level 4 of the Dungeon)
  4336 | D:4      | Found a stormy altar of Qazlal.
  4340 | D:4      | Found a deep blue altar of Sif Muna.
  4345 | D:4      | Found a glowing golden altar of the Shining One.
  4594 | D:4      | Reached XP level 6. HP: 32/32 MP: 9/15
  4657 | D:4      | Found a white marble altar of Elyvilon.
  4958 | D:4      | Found a staircase to the Ecumenical Temple.
  4968 | Temple   | Entered the Ecumenical Temple
  5074 | Temple   | Became a worshipper of Vehumet
  5401 | D:4      | Reached skill level 6 in Conjurations
  5471 | D:5      | Entered Level 5 of the Dungeon
  5760 | D:5      | Reached XP level 7. HP: 36/36 MP: 5/18
  6162 | D:5      | Reached skill level 7 in Conjurations
  6459 | D:5      | Reached skill level 5 in Spellcasting
  6537 | D:5      | Found an iron altar of Okawaru.
  6537 | D:5      | Found a shadowy altar of Dithmenos.
  6777 | D:5      | Noticed a two-headed ogre
  6785 | D:5      | Killed a two-headed ogre
  6785 | D:5      | Reached XP level 8. HP: 41/41 MP: 8/20
  7059 | D:5      | Acquired Vehumet's first power
  7059 | D:5      | Offered knowledge of Sandblast by Vehumet.
  7080 | D:6      | Reached skill level 1 in Translocations
  7181 | D:6      | Reached skill level 8 in Conjurations
  7944 | D:6      | Found a burning altar of Makhleb.
  8522 | D:6      | Found a stormy altar of Qazlal.
  8605 | D:6      | Offered knowledge of Freeze by Vehumet.
  8923 | D:6      | Reached skill level 9 in Conjurations
  9295 | D:7      | Noticed Blork the orc
  9305 | D:7      | Noticed Joseph
  9310 | D:7      | Killed Blork the orc
  9546 | D:7      | Reached XP level 9. HP: 42/45 MP: 5/22
  9968 | D:7      | Killed Joseph
 10315 | D:7      | Reached skill level 10 in Conjurations
 10315 | D:7      | Reached skill level 5 in Translocations
 10556 | D:7      | Found a staircase to the Ecumenical Temple.
 11423 | D:7      | Found a snail-covered altar of Cheibriados.
 11599 | D:8      | Offered knowledge of Dazzling Spray by Vehumet.
 11744 | D:8      | Reached XP level 10. HP: 43/50 MP: 18/24
 11763 | D:8      | Reached skill level 11 in Conjurations
 11785 | D:8      | Acquired Vehumet's second power
 12070 | D:8      | Found a staircase to the Lair.
 12148 | D:8      | Offered knowledge of Throw Icicle by Vehumet.
 12391 | D:8      | Found Klafis' Gadget Shop.
 12698 | D:9      | Reached skill level 1 in Fighting
 13317 | D:9      | Got a brightly glowing robe
 13318 | D:9      | Identified the +0 robe of Gatetwet {rF+} (You found it on level 9 of the Dungeon)
 13683 | D:9      | Found Waiskahu's Jewellery Shop.
 13703 | D:9      | Acquired Vehumet's third power
 13905 | D:10     | Entered Level 10 of the Dungeon
 14124 | D:10     | Reached skill level 12 in Conjurations
 14473 | D:10     | Offered knowledge of Iskenderun's Battlesphere by Vehumet.
 14474 | D:10     | Reached XP level 11. HP: 50/60 MP: 20/27
 15002 | D:10     | Noticed a hill giant
 15029 | D:10     | Killed a hill giant
 15439 | D:10     | Learned a level 5 spell: Iskenderun's Battlesphere
 15604 | D:11     | Noticed a hill giant
 15615 | D:11     | Killed a hill giant
 15615 | D:11     | Reached skill level 1 in Charms
 15953 | D:11     | Noticed a hill giant
 15961 | D:11     | Killed a hill giant
 16245 | D:11     | Noticed a hill giant
 16251 | D:11     | Killed a hill giant
 16350 | D:11     | Reached skill level 13 in Conjurations
 16628 | D:11     | Reached skill level 5 in Fighting
 17077 | D:12     | Offered knowledge of Lee's Rapid Deconstruction by Vehumet.
 17471 | D:12     | Noticed Nessos
 17531 | D:12     | Killed from afar by a gargoyle

Action                   |  1- 3 |  4- 6 |  7- 9 | 10-12 || total
-------------------------+-------+-------+-------+-------++-------
Melee: Unarmed           |    16 |       |       |       ||    16
       Whip              |    32 |    41 |       |       ||    73
       Dagger            |       |    48 |   283 |   119 ||   450
 Cast: Magic Dart        |    73 |   244 |   440 |   419 ||  1176
       Repel Missiles    |     1 |     1 |     3 |     2 ||     7
       Mephitic Cloud    |       |     1 |    17 |    24 ||    42
       Conjure Flame     |       |       |    11 |    29 ||    40
       Blink             |       |       |     3 |    12 ||    15
       Iskenderun's Batt |       |       |       |    26 ||    26
Evoke: Wand              |       |       |     1 |    14 ||    15
       Stone of tremors  |       |       |       |     1 ||     1
  Use: Scroll            |       |     6 |     2 |     4 ||    12
 Stab: Sleeping          |       |     3 |     1 |       ||     4
       Paralysed         |       |       |    12 |       ||    12
       Confused          |       |       |     1 |     1 ||     2
  Eat: Chunk             |     3 |     9 |    13 |    15 ||    40
       Meat ration       |       |     1 |     1 |     1 ||     3
       Beef jerky        |       |       |       |     1 ||     1
